 Dungeon Crawl Stone Soup version 0.24.0-1-gfbc8707122 (webtiles) character file.

Game seed: 4582412637846264123, levelgen mode: deterministic

130 night the Cutter (level 5, 0/33 HPs)
             Began as a Kobold Berserker on Oct 28, 2019.
             Was a Priest of Trog.
             Killed by divine providence
             ... invoked by an orc priest
              (10 damage)
             ... on level 3 of the Dungeon.
             The game lasted 00:05:55 (2218 turns).

night the Cutter (Kobold Berserker)                 Turns: 2218, Time: 00:05:55

Health: 0/33       AC:  6    Str: 15    XL:     5   Next: 36%
Magic:  5/5        EV: 13    Int:  8    God:    Trog [***...]
Gold:   82         SH:  0    Dex: 15    Spells: 4/4 levels left

rFire    . . .     SeeInvis .   a - +0 short sword
rCold    . . .     Gourm    .   (shield restricted)
rNeg     . . .     Faith    .   p - +0 scale mail
rPois    .         Spirit   .   (no helmet)
rElec    .         Reflect  .   (no cloak)
rCorr    .         Harm     .   (no gloves)
MR       ++...                  (no boots)
Stlth    ..........             (no amulet)
HPRegen  1.11/turn              (no ring)
MPRegen  0.09/turn              (no ring)

@: berserk cooldown, regenerating, slowed, very slow
A: small, carnivore
a: Berserk, Trog's Hand, Renounce Religion


You were on level 3 of the Dungeon.
You worshipped Trog.
Trog was most pleased with you.
You were very full.

You visited 1 branch of the dungeon, and saw 3 of its levels.

You collected 82 gold pieces.

Inventory:

Hand Weapons
 a - a +0 short sword (weapon)
Armour
 f - a +0 ring mail
 p - a +0 scale mail (worn)
Scrolls
 b - 2 scrolls of blinking {unknown}
 g - 3 scrolls of identify {unknown}
 j - a scroll of teleportation {unknown}
 l - a scroll of fog {unknown}
 m - 2 scrolls of remove curse {unknown}
 n - 2 scrolls of immolation {unknown}
Potions
 d - a potion of resistance {unknown}
 e - a potion of cancellation {unknown}
 h - 4 potions of curing
 i - a potion of ambrosia {unknown}
 k - 2 potions of brilliance {unknown}
Comestibles
 c - 5 rations


   Skills:
 + Level 4.2 Fighting
 * Level 6.0 Short Blades
 - Level 1.5 Armour
 + Level 3.6 Dodging


You had 4 spell levels left.
You didn't know any spells.
Your spell library was empty.

Dungeon Overview and Level Annotations

Branches:
Dungeon (3/15)

Altars:
Cheibriados
Vehumet


Innate Abilities, Weirdness & Mutations

You are small and have problems with some larger weapons.
You are carnivorous and can eat meat at any time.


Message History

Trog accepts your kill.
You are too berserk!
You closely miss the orc. You puncture the orc!
You kill the orc!
Trog accepts your kill.
The orc priest looks braver for a moment.
You are no longer berserk.
You are exhausted.
You feel yourself slow down. The orc hits you but does no damage.
The orc priest hits you with a +0 trident.
* * * LOW HITPOINT WARNING * * *
The orc priest miscasts a cantrip.
Items here: )))) [[ †† Your skin crawls.
You feel resistant to hostile enchantments.
You feel quite a bit less full. The orc barely misses you.
The orc priest mumbles some strange prayers to Beogh against you.
Beogh smites you!
You die...

....###..(....##.#
## #.......##.#
#........##.#
...#......##.#
..#........##.#
##....##.$.##.#
#.##.. ...##.# #[#
#@# #oo#


.Sso. ....o... ........... ............ .....#..≈≈≈.. ..#..#.≈≈8≈≈.# You could
see 2 orc priests, an adder, 2 orcs and a giant cockroach.

Vanquished Creatures
  5 adders
  An ooze (D:1)
  A worm (D:2)
  A leopard gecko (D:1)
  5 orcs (D:3)
  A ball python (D:1)
  10 bats
  5 giant cockroaches
  7 goblins
  9 hobgoblins
  6 jackals (D:1)
  A quokka (D:2)
  3 frilled lizards
  4 kobolds
  6 rats
65 creatures vanquished.

Notes
Turn   | Place    | Note
-------+----------+-------------------------------------------
     0 | D:1      | night the Kobold Berserker began the quest for the Orb.
     0 | D:1      | Reached XP level 1. HP: 14/14 MP: 1/1
   349 | D:1      | Reached XP level 2. HP: 19/19 MP: 2/2
   401 | D:1      | You fall into a shaft and drop 1 floor!
   401 | D:2      | Found a faded altar of an unknown god.
   531 | D:2      | Reached XP level 3. HP: 23/23 MP: 3/3
   567 | D:2      | Reached skill level 5 in Short Blades
   892 | D:2      | Found a radiant altar of Vehumet.
   936 | D:2      | Found a snail-covered altar of Cheibriados.
   937 | D:2      | Reached XP level 4. HP: 29/29 MP: 4/4
  1488 | D:1      | Reached ** piety under Trog
  1704 | D:1      | Reached XP level 5. HP: 31/33 MP: 5/5
  2205 | D:3      | Reached skill level 6 in Short Blades
  2207 | D:3      | Reached *** piety under Trog
  2218 | D:3      | Killed from afar by an orc priest

Levels and vault maps discovered:
D:1:      nzn_arrival_crosshair, layout_basic
D:2:      layout_loops_ring, cheibriados_altar_1, vehumet_crystals,
          chequers_ecumenical_altar_simple_redux
D:3:      layout_rooms, moated_statue, lightli_corner_chamber, uniq_ijyb

Skill      XL: |  1  2  3  4  5 |
---------------+----------------+-----
Short Blades   | 5 6 |  6.0
Dodging        | 3 |  3.6
Fighting       | 4 |  4.2
Armour         | |  1.5

Action                   |  1- 3 |  4- 6 || total
-------------------------+-------+-------++-------
Melee: Short sword       |    85 |   135 ||   220
Invok: Berserk           |     6 |     4 ||    10
       Trog's Hand       |       |     1 ||     1
  Use: Potion            |     1 |       ||     1
 Stab: Sleeping          |     1 |       ||     1
  Eat: Chunk             |     9 |    12 ||    21
Armor: Animal skin       |     4 |       ||     4
       Ring mail         |    24 |    40 ||    64
       Scale mail        |       |     4 ||     4
Dodge: Dodged            |    70 |   112 ||   182
